Workbook

Sheet REFORMA BERÇÁRIO
A1: REFORMA BERÇÁRIO CRECHE APOLÔNIA
A4: PLANILHA ORÇAMENTÁRIA SINTÉTICA
A5: BANCO | B5: CÓDIGO | C5: ITEM | D5: DESCRIMINAÇÃO | E5: UNIDADE | F5: QUANTIDADE | G5: CUSTO UNITÁRIO | H5: PREÇO UNITÁRIO | I5: PREÇO TOTAL
C7: 1.0 | D7: DEMOLIÇÃO
A8: SEINFRA | B8: C1043 | C8: 1.1 | D8: DEMOLIÇÃO DE ALVENARIA DE TIJOLOS S/ REAPROVEITAMENTO | E8: M3 | F8: =N93 -> 9.39189 | G8: 68.84 | H8: =G8*(1+(23.67/100)) -> 85.134428 | I8: =H8*F8 -> 799.57318 | K8: =SUM(I8:I12) -> 13735.975
A9: SEINFRA | B9: C1045 | C9: 1.2 | D9: DEMOLIÇÃO DE COBERTURA C/TELHAS CERÂMICAS | E9: M2 | F9: 192.89 | G9: 13.77 | H9: =G9*(1+(23.67/100)) -> 17.029359 | I9: =H9*F9 -> 3284.7931
A10: SEINFRA | B10: C4913 | C10: 1.3 | D10: REMOÇÃO DE PINTURA LÁTEX (RASPAGEM E/OU LIXAMENTO E/OU ESCOVAÇÃO) | E10: M2 | F10: ='memória de cálculo'!D7 -> 836.46 | G10: 8.1 | H10: =G10*(1+(23.67/100)) -> 10.01727 | I10: =H10*F10 -> 8379.0457
A11: SEINFRA | B11: C2210 | C11: 1.4 | D11: RETIRADA DE PORTAS E JANELAS, INCLUSIVE BATENTES | E11: M2 | F11: =(F68+F70+F71+F73+F75+F76)-(2*1.68+3*1.89+3*0.96+4*0.32+6.05+3.79) -> 12.14 | G11: 18.36 | H11: =G11*(1+(23.67/100)) -> 22.705812 | I11: =H11*F11 -> 275.64856
A12: SINAPI | B12: 97633 | C12: 1.5 | D12: DEMOLIÇÃO DE REVESTIMENTO CERÂMICO, DE FORMA MANUAL, COM REAPROVEITAMENTO. AF_09/2023 | E12: M2 | F12: =8.76+9.5+13.92 -> 32.18 | G12: 25.05 | H12: =G12*(1+(23.67/100)) -> 30.979335 | I12: =H12*F12 -> 996.915
C13: 2.0 | D13: REVESTIMENTO/PAVIMENTAÇÃO
A14: SINAPI | B14: 87531 | C14: 2.1 | D14: EMBOÇO, EM ARGAMASSA TRAÇO 1:2:8, PREPARO MECÂNICO, APLICADO MANUALMENTE EM PAREDES INTERNAS DE AMBIENTES COM ÁREA ENTRE 5M² E 10M², E = 17,5MM, COM TALISCAS. AF_03/2024 | E14: M2 | F14: ='memória de cálculo'!B6 -> 393.1 | G14: 39.88 | H14: =G14*(1+(23.67/100)) -> 49.319596 | I14: =H14*F14 -> 19387.533 | K14: =SUM(I14:I19) -> 60382.717
A15: SINAPI | B15: 94991 | C15: 2.2 | D15: EXECUÇÃO DE PASSEIO (CALÇADA) OU PISO DE CONCRETO COM CONCRETO MOLDADO IN LOCO, USINADO C20, ACABAMENTO CONVENCIONAL, NÃO ARMADO. AF_08/2022 | E15: M3 | F15: =15*0.1*1.5+2.83*2.83*0.1 -> 3.05089 | G15: 826.56 | H15: =G15*(1+(23.67/100)) -> 1022.2068 | I15: =H15*F15 -> 3118.6404
A16: SINAPI | B16: 87267 | C16: 2.3 | D16: REVESTIMENTO CERÂMICO PARA PAREDES INTERNAS COM PLACAS TIPO ESMALTADA DE DIMENSÕES 20X20 CM APLICADAS A MEIA ALTURA DAS PAREDES. AF_02/2023_PE | E16: M2 | F16: =N16 -> 197.316 | G16: 70.83 | H16: =G16*(1+(23.67/100)) -> 87.595461 | I16: =H16*F16 -> 17283.986 | N16: =31.96*2*0.6+31.44*2*0.6+31.43*2*0.6+13.92*2*3 -> 197.316
A17: SINAPI | B17: 88648 | C17: 2.4 | D17: RODAPÉ CERÂMICO DE 7CM DE ALTURA COM PLACAS TIPO ESMALTADA DE DIMENSÕES 35X35CM. AF_02/2023 | E17: M | F17: ='memória de cálculo'!B5 -> 101.66 | G17: 8.39 | H17: =G17*(1+(23.67/100)) -> 10.375913 | I17: =H17*F17 -> 1054.8153
A18: SEINFRA | B18: C4431 | C18: 2.5 | D18: CERÂMICA ESMALTADA C/ ARG. CIMENTO E AREIA ATÉ 10x10cm (100 cm²) - DECORATIVA P/ PAREDE | E18: M2 | F18: =0.6*9.54+0.6*3.96+1.5*0.1*2+2.8*0.1*2 -> 8.96 | G18: 132.07 | H18: =G18*(1+(23.67/100)) -> 163.33097 | I18: =H18*F18 -> 1463.4455
A19: SINAPI | B19: 87247 | C19: 2.6 | D19: REVESTIMENTO CERÂMICO PARA PISO COM PLACAS TIPO ESMALTADA DE DIMENSÕES 35X35 CM APLICADA EM AMBIENTES DE ÁREA ENTRE 5 M2 E 10 M2. AF_02/2023_PE | E19: M2 | F19: ='memória de cálculo'!C4 -> 219.4106 | G19: 66.61 | H19: =G19*(1+(23.67/100)) -> 82.376587 | I19: =H19*F19 -> 18074.296
C20: 3.0 | D20: SUPRAESTRUTURA/INFRAESTRUTURA
A21: SEINFRA | B21: C0054 | C21: 3.1 | D21: ALVENARIA DE EMBASAMENTO DE PEDRA ARGAMASSADA | E21: M3 | F21: ='memória de cálculo'!F26 -> 2.2956 | G21: 576.31 | H21: =G21*(1+(23.67/100)) -> 712.72258 | I21: =H21*F21 -> 1636.1259
A22: SINAPI | B22: 103669 | C22: 3.2 | D22: CONCRETAGEM DE PILARES, FCK = 25 MPA, COM USO DE BALDES - LANÇAMENTO, ADENSAMENTO E ACABAMENTO. AF_02/2022 | E22: M3 | F22: ='memória de cálculo'!D25 -> 5.6892 | G22: 1063.02 | H22: =G22*(1+(23.67/100)) -> 1314.6368 | I22: =H22*F22 -> 7479.2319 | K22: =SUM(I21:I24) -> 31347.439
A23: SINAPI | B23: 92883 | C23: 3.3 | D23: ARMAÇÃO UTILIZANDO AÇO CA-25 DE 8,0 MM - MONTAGEM. AF_06/2022 | E23: KG | F23: ='memória de cálculo'!D24 -> 111.0661 | G23: 11.43 | H23: =G23*(1+(23.67/100)) -> 14.135481 | I23: =H23*F23 -> 1569.9727
A24: SINAPI | B24: 103323 | C24: 3.4 | D24: ALVENARIA DE VEDAÇÃO DE BLOCOS CERÂMICOS FURADOS NA VERTICAL DE 9X19X39 CM (ESPESSURA 9 CM) E ARGAMASSA DE ASSENTAMENTO COM PREPARO MANUAL. AF_12/2021 | E24: M2 | F24: ='memória de cálculo'!F28 -> 243.5134 | G24: 68.61 | H24: =G24*(1+(23.67/100)) -> 84.849987 | I24: =H24*F24 -> 20662.109
C25: 4.0 | D25: PINTURA INTERNA/EXTERNA
A26: SINAPI | B26: 88485 | C26: 4.1 | D26: FUNDO SELADOR ACRÍLICO, APLICAÇÃO MANUAL EM PAREDE, UMA DEMÃO. AF_04/2023 | E26: M2 | F26: =F29*0.4 -> 508.344 | G26: 4.11 | H26: =G26*(1+(23.67/100)) -> 5.082837 | I26: =H26*F26 -> 2583.8297
A27: SINAPI | B27: 102230 | C27: 4.2 | D27: PINTURA TINTA DE ACABAMENTO (PIGMENTADA) ESMALTE SINTÉTICO BRILHANTE EM MADEIRA, 3 DEMÃOS. AF_01/2021 | E27: M2 | F27: ='memória de cálculo'!C8 -> 35.7 | G27: 25.57 | H27: =G27*(1+(23.67/100)) -> 31.622419 | I27: =H27*F27 -> 1128.9204
A28: SINAPI | B28: 88431 | C28: 4.3 | D28: APLICAÇÃO MANUAL DE PINTURA COM TINTA TEXTURIZADA ACRÍLICA EM PAREDES EXTERNAS DE CASAS, DUAS CORES. AF_03/2024 | E28: M2 | F28: ='memória de cálculo'!D27 -> 32.2926 | G28: 28.07 | H28: =G28*(1+(23.67/100)) -> 34.714169 | I28: =H28*F28 -> 1121.0108
A29: SINAPI | B29: 88489 | C29: 4.4 | D29: PINTURA LÁTEX ACRÍLICA PREMIUM, APLICAÇÃO MANUAL EM PAREDES, DUAS DEMÃOS. AF_04/2023 | E29: M2 | F29: ='memória de cálculo'!B7 -> 1270.86 | G29: 14.22 | H29: =G29*(1+(23.67/100)) -> 17.585874 | I29: =H29*F29 -> 22349.184 | K29: =SUM(I26:I29) -> 27182.945
C30: 5.0 | D30: COBERTURA
A31: SINAPI | B31: 90695 | C31: 5.1 | D31: TUBO DE PVC PARA REDE COLETORA DE ESGOTO DE PAREDE MACIÇA, DN 150 MM, JUNTA ELÁSTICA - FORNECIMENTO E ASSENTAMENTO. AF_01/2021 | E31: M | F31: 8 | G31: 96.21 | H31: =G31*(1+(23.67/100)) -> 118.98291 | I31: =H31*F31 -> 951.86326 | K31: =SUM(I31:I35) -> 33531.249
A32: SINAPI | B32: 96486 | C32: 5.2 | D32: FORRO EM RÉGUAS DE PVC, LISO, PARA AMBIENTES COMERCIAIS, INCLUSIVE ESTRUTURA BIDIRECIONAL DE FIXAÇÃO. AF_08/2023_PS | E32: M2 | F32: ='memória de cálculo'!D10 -> 75.252 | G32: 81.3 | H32: =G32*(1+(23.67/100)) -> 100.54371 | I32: =H32*F32 -> 7566.1153
A33: SINAPI | B33: 94207 | C33: 5.3 | D33: TELHAMENTO COM TELHA ONDULADA DE FIBROCIMENTO E = 6 MM, COM RECOBRIMENTO LATERAL DE 1/4 DE ONDA PARA TELHADO COM INCLINAÇÃO MAIOR QUE 10°, COM ATÉ 2 ÁGUAS, INCLUSO IÇAMENTO. AF_06/2026 | E33: M2 | F33: ='memória de cálculo'!B11 -> 278.4496 | G33: 60.72 | H33: =G33*(1+(23.67/100)) -> 75.092424 | I33: =H33*F33 -> 20909.455
A34: SINAPI | B34: 92543 | C34: 5.4 | D34: TRAMA DE MADEIRA COMPOSTA POR TERÇAS PARA TELHADOS DE ATÉ 2 ÁGUAS PARA TELHA ONDULADA DE FIBROCIMENTO, METÁLICA, PLÁSTICA OU TERMOACÚSTICA, INCLUSO TRANSPORTE VERTICAL. AF_10/2025 | E34: M2 | F34: ='memória de cálculo'!D12 -> 86.88 | G34: 22.38 | H34: =G34*(1+(23.67/100)) -> 27.677346 | I34: =H34*F34 -> 2404.6078
A35: SINAPI | B35: 94229 | C35: 5.5 | D35: CALHA EM CHAPA DE AÇO GALVANIZADO NÚMERO 24, DESENVOLVIMENTO DE 100 CM, INCLUSO TRANSPORTE VERTICAL. AF_06/2026 | E35: M | F35: 8.29 | G35: 165.74 | H35: =G35*(1+(23.67/100)) -> 204.97066 | I35: =H35*F35 -> 1699.2068
C36: 6.0 | D36: INSTALAÇÕES ELÉTRICAS
A37: SINAPI | B37: 91831 | C37: 6.1 | D37: ELETRODUTO FLEXÍVEL CORRUGADO, PVC, DN 20 MM (1/2"), PARA CIRCUITOS TERMINAIS, INSTALADO EM FORRO - FORNECIMENTO E INSTALAÇÃO. AF_03/2023_PA | E37: M | F37: ='memória de cálculo'!D13+F38 -> 96.008 | G37: 17.92 | H37: =G37*(1+(23.67/100)) -> 22.161664 | I37: =H37*F37 -> 2127.697 | K37: =SUM(I37:I43) -> 4856.3988
A38: SINAPI | B38: 91926 | C38: 6.2 | D38: CABO DE COBRE FLEXÍVEL ISOLADO, 2,5 MM², ANTI-CHAMA 450/750 V, PARA CIRCUITOS TERMINAIS - FORNECIMENTO E INSTALAÇÃO. AF_03/2023 | E38: M | F38: =35+2.1*10 -> 56 | G38: 5.54 | H38: =G38*(1+(23.67/100)) -> 6.851318 | I38: =H38*F38 -> 383.67381
A39: SINAPI | B39: 92027 | C39: 6.3 | D39: INTERRUPTOR SIMPLES (2 MÓDULOS) COM 1 TOMADA DE EMBUTIR 2P+T 10 A, INCLUINDO SUPORTE E PLACA - FORNECIMENTO E INSTALAÇÃO. AF_03/2023 | E39: UN | F39: 6 | G39: 73.53 | H39: =G39*(1+(23.67/100)) -> 90.934551 | I39: =H39*F39 -> 545.60731
A40: SINAPI | B40: 91993 | C40: 6.4 | D40: TOMADA ALTA DE EMBUTIR (1 MÓDULO), 2P+T 20 A, INCLUINDO SUPORTE E PLACA - FORNECIMENTO E INSTALAÇÃO. AF_03/2023 | E40: UN | F40: 3 | G40: 52 | H40: =G40*(1+(23.67/100)) -> 64.3084 | I40: =H40*F40 -> 192.9252
A41: SINAPI | B41: 92004 | C41: 6.5 | D41: TOMADA MÉDIA DE EMBUTIR (2 MÓDULOS), 2P+T 10 A, INCLUINDO SUPORTE E PLACA - FORNECIMENTO E INSTALAÇÃO. AF_03/2023 | E41: UN | F41: 10 | G41: 61.97 | H41: =G41*(1+(23.67/100)) -> 76.638299 | I41: =H41*F41 -> 766.38299
A42: SINAPI | B42: 103782 | C42: 6.6 | D42: LUMINÁRIA TIPO PLAFON CIRCULAR, DE SOBREPOR, COM LED DE 12/13 W - FORNECIMENTO E INSTALAÇÃO. AF_09/2024 | E42: UN | F42: 17 | G42: 31.04 | H42: =G42*(1+(23.67/100)) -> 38.387168 | I42: =H42*F42 -> 652.58186
A43: SINAPI | B43: 91924 | C43: 6.7 | D43: CABO DE COBRE FLEXÍVEL ISOLADO, 1,5 MM², ANTI-CHAMA 450/750 V, PARA CIRCUITOS TERMINAIS - FORNECIMENTO E INSTALAÇÃO. AF_03/2023 | E43: M | F43: 40.01 | G43: 3.79 | H43: =G43*(1+(23.67/100)) -> 4.687093 | I43: =H43*F43 -> 187.53059
C44: 7.0 | D44: INSTALAÇÕES HIDROSSANITÁRIAS
A45: SEINFRA | B45: C4756 | C45: 7.1 | D45: PRATELEIRA DE GRANITO CINZA ESP.=2CM | E45: M2 | F45: =2.01*0.5+1.5*0.65+1.2*0.61+1.7*6+1.2*0.6+1.87*0.6+1.27*0.6+0.92*2*0.55 -> 16.528 | G45: 302.19 | H45: =G45*(1+(23.67/100)) -> 373.71837 | I45: =H45*F45 -> 6176.8173
A46: SEINFRA | B46: C0355 | C46: 7.2 | D46: BANCADA DE GRANITO C/ 2 CUBAS LOUÇAS, S/ACESSÓRIOS (1.60x0.60)m | E46: UN | F46: 1 | G46: 753.94 | H46: =G46*(1+(23.67/100)) -> 932.3976 | I46: =H46*F46 -> 932.3976
A47: SINAPI | B47: 86910 | C47: 7.3 | D47: TORNEIRA CROMADA TUBO MÓVEL, DE PAREDE, 1/2" OU 3/4", PARA PIA DE COZINHA, PADRÃO MÉDIO - FORNECIMENTO E INSTALAÇÃO. AF_01/2020 | E47: UN | F47: 2 | G47: 125.83 | H47: =G47*(1+(23.67/100)) -> 155.61396 | I47: =H47*F47 -> 311.22792
A48: SINAPI | B48: 86888 | C48: 7.4 | D48: VASO SANITÁRIO SIFONADO COM CAIXA ACOPLADA LOUÇA BRANCA - FORNECIMENTO E INSTALAÇÃO. AF_01/2020 | E48: UN | F48: 4 | G48: 521.92 | H48: =G48*(1+(23.67/100)) -> 645.45846 | I48: =H48*F48 -> 2581.8339 | K48: =SUM(I45:I66) -> 33991.351
A49: SINAPI | B49: 93441 | C49: 7.5 | D49: BANCADA GRANITO CINZA 150 X 60 CM, COM CUBA DE EMBUTIR DE AÇO, VÁLVULA AMERICANA EM METAL, SIFÃO FLEXÍVEL EM PVC, ENGATE FLEXÍVEL 30 CM, TORNEIRA CROMADA LONGA, DE PAREDE, 1/2" OU 3/4", P/ COZINHA, PADRÃO POPULAR - FORNEC. E INSTALAÇÃO. AF_02/2026 | E49: UN | F49: 6 | G49: 1371.75 | H49: =G49*(1+(23.67/100)) -> 1696.4432 | I49: =H49*F49 -> 10178.659
A50: SINAPI | B50: 100849 | C50: 7.6 | D50: ASSENTO SANITÁRIO CONVENCIONAL - FORNECIMENTO E INSTALACAO. AF_01/2020 | E50: UN | F50: 4 | G50: 44.8 | H50: =G50*(1+(23.67/100)) -> 55.40416 | I50: =H50*F50 -> 221.61664
A51: SINAPI | B51: 95544 | C51: 7.7 | D51: PAPELEIRA DE PAREDE EM METAL CROMADO SEM TAMPA, INCLUSO FIXAÇÃO. AF_01/2020 | E51: UN | F51: 4 | G51: 82.55 | H51: =G51*(1+(23.67/100)) -> 102.08958 | I51: =H51*F51 -> 408.35834
A52: SINAPI | B52: 89495 | C52: 7.8 | D52: RALO SIFONADO, PVC, DN 100 X 40 MM, JUNTA SOLDÁVEL, FORNECIDO E INSTALADO EM RAMAIS DE ENCAMINHAMENTO DE ÁGUA PLUVIAL. AF_06/2022 | E52: UN | F52: 4 | G52: 17.05 | H52: =G52*(1+(23.67/100)) -> 21.085735 | I52: =H52*F52 -> 84.34294
A53: SINAPI | B53: 95542 | C53: 7.9 | D53: PORTA TOALHA ROSTO EM METAL CROMADO, TIPO ARGOLA, INCLUSO FIXAÇÃO. AF_01/2020 | E53: UN | F53: 1 | G53: 66.42 | H53: =G53*(1+(23.67/100)) -> 82.141614 | I53: =H53*F53 -> 82.141614
A54: SINAPI | B54: 95543 | C54: 7.10 | D54: PORTA TOALHA BANHO EM METAL CROMADO, TIPO BARRA, INCLUSO FIXAÇÃO. AF_01/2020 | E54: UN | F54: 4 | G54: 109.76 | H54: =G54*(1+(23.67/100)) -> 135.74019 | I54: =H54*F54 -> 542.96077
A55: SEINFRA | B55: C2593 | C55: 7.11 | D55: TUBO PVC BRANCO P/ESGOTO D=100MM (4') | E55: M | F55: =4.2*4*2+7+15 -> 55.6 | G55: 44.59 | H55: =G55*(1+(23.67/100)) -> 55.144453 | I55: =H55*F55 -> 3066.0316
A56: SEINFRA | B56: C2595 | C56: 7.12 | D56: TUBO PVC BRANCO P/ESGOTO D=40MM (1' 1/2) | E56: M | F56: 69.9 | G56: 19.1 | H56: =G56*(1+(23.67/100)) -> 23.62097 | I56: =H56*F56 -> 1651.1058
A57: SEINFRA | B57: C2625 | C57: 7.13 | D57: TUBO PVC SOLD. MARROM INCL.CONEXÕES D= 25mm(3/4") | E57: M | F57: ='memória de cálculo'!B15 -> 51.326 | G57: 25.91 | H57: =G57*(1+(23.67/100)) -> 32.042897 | I57: =H57*F57 -> 1644.6337
A58: SEINFRA | B58: C2381 | C58: 7.14 | D58: TÊ PVC SOLD. MARROM D= 25mm (3/4") | E58: UN | F58: 6 | G58: 11.08 | H58: =G58*(1+(23.67/100)) -> 13.702636 | I58: =H58*F58 -> 82.215816
A59: SEINFRA | B59: C1550 | C59: 7.15 | D59: JOELHO PVC BRANCO P/ESGOTO D=100mm (4") - JUNTA C/ANÉIS | E59: UN | F59: 6 | G59: 38.85 | H59: =G59*(1+(23.67/100)) -> 48.045795 | I59: =H59*F59 -> 288.27477
A60: SEINFRA | B60: C1551 | C60: 7.16 | D60: JOELHO PVC BRANCO P/ESGOTO D=40mm (1 1/2") | E60: UN | F60: 24 | G60: 17.15 | H60: =G60*(1+(23.67/100)) -> 21.209405 | I60: =H60*F60 -> 509.02572
A61: SEINFRA | B61: C1526 | C61: 7.17 | D61: JOELHO 90 PVC SOLD./ROSCA. D= 25mmX3/4" | E61: UN | F61: 22 | G61: 12.65 | H61: =G61*(1+(23.67/100)) -> 15.644255 | I61: =H61*F61 -> 344.17361
A62: SINAPI | B62: 89482 | C62: 7.18 | D62: CAIXA SIFONADA, PVC, DN 100 X 100 X 50 MM, FORNECIDA E INSTALADA EM RAMAIS DE ENCAMINHAMENTO DE ÁGUA PLUVIAL. AF_06/2022 | E62: UN | F62: 5 | G62: 37.65 | H62: =G62*(1+(23.67/100)) -> 46.561755 | I62: =H62*F62 -> 232.80877
A63: SEINFRA | B63: C2158 | C63: 7.19 | D63: REGISTRO DE GAVETA BRUTO D= 25mm (1") | E63: UN | F63: 3 | G63: 80.31 | H63: =G63*(1+(23.67/100)) -> 99.319377 | I63: =H63*F63 -> 297.95813
A64: SEINFRA | B64: C0592 | C64: 7.20 | D64: CAIXA ALVENARIA/REBOCO C/TAMPA CONCRETO FUNDO BRITA 80x80x80cm | E64: UN | F64: 3 | G64: 504.44 | H64: =G64*(1+(23.67/100)) -> 623.84095 | I64: =H64*F64 -> 1871.5228
A65: SINAPI | B65: 100874 | C65: 7.21 | D65: PUXADOR PARA PCD, FIXADO NA PORTA - FORNECIMENTO E INSTALAÇÃO. AF_01/2020 | E65: UN | F65: 3 | G65: 236.45 | H65: =G65*(1+(23.67/100)) -> 292.41771 | I65: =H65*F65 -> 877.25314
A66: SINAPI | B66: 100863 | C66: 7.22 | D66: BARRA DE APOIO EM "L", EM ACO INOX POLIDO 70 X 70 CM, FIXADA NA PAREDE - FORNECIMENTO E INSTALACAO. AF_01/2020 | E66: UN | F66: 3 | G66: 432.87 | H66: =G66*(1+(23.67/100)) -> 535.33033 | I66: =H66*F66 -> 1605.991
C67: 8.0 | D67: ESQUADRIAS
A68: SINAPI | B68: 94569 | C68: 8.1 | D68: JANELA DE ALUMÍNIO TIPO MAXIM-AR, COM VIDROS, BATENTE E FERRAGENS. EXCLUSIVE ALIZAR, ACABAMENTO E CONTRAMARCO. FORNECIMENTO E INSTALAÇÃO. AF_12/2019 | E68: M2 | F68: 0.92 | G68: 608.77 | H68: =G68*(1+(23.67/100)) -> 752.86586 | I68: =H68*F68 -> 692.63659
A69: SEINFRA | B69: C4872 | C69: 8.2 | D69: PORTÃO COM PERFIL EM TUBO DE AÇO GALVANIZADO DE 2" (1X2,5)m, INCL. PILARES DE SUSTENTAÇÃO | E69: UN | F69: 2 | G69: 1902.07 | H69: =G69*(1+(23.67/100)) -> 2352.29 | I69: =H69*F69 -> 4704.5799
A70: SINAPI | B70: 91341 | C70: 8.3 | D70: PORTA EM ALUMÍNIO DE ABRIR TIPO VENEZIANA COM GUARNIÇÃO, FIXAÇÃO COM PARAFUSOS - FORNECIMENTO E INSTALAÇÃO. AF_10/2025 | E70: M2 | F70: =0.96*3 -> 2.88 | G70: 628.39 | H70: =G70*(1+(23.67/100)) -> 777.12991 | I70: =H70*F70 -> 2238.1341 | K70: =SUM(I68:I76) -> 29082.761
A71: SINAPI | B71: 94570 | C71: 8.4 | D71: JANELA DE ALUMÍNIO DE CORRER COM 2 FOLHAS PARA VIDROS, COM VIDROS, BATENTE, ACABAMENTO COM ACETATO OU BRILHANTE E FERRAGENS. EXCLUSIVE ALIZAR E CONTRAMARCO. FORNECIMENTO E INSTALAÇÃO. AF_12/2019 | E71: M2 | F71: =3*6.05+1.44+3.79+1.39 -> 24.77 | G71: 321.41 | H71: =G71*(1+(23.67/100)) -> 397.48775 | I71: =H71*F71 -> 9845.7715
A72: SINAPI | B72: 102164 | C72: 8.5 | D72: INSTALAÇÃO DE VIDRO LISO INCOLOR, E = 5 MM, EM ESQUADRIA DE ALUMÍNIO OU PVC, FIXADO COM BAGUETE. AF_11/2025 | E72: M2 | F72: =1.6 -> 1.6 | G72: 437.08 | H72: =G72*(1+(23.67/100)) -> 540.53684 | I72: =H72*F72 -> 864.85894
A73: SEINFRA | B73: C4830 | C73: 8.6 | D73: JANELA BASCULANTE EM ALUMÍNIO ANODIZADO NATURAL, EXCLUSIVE VIDRO | E73: M2 | F73: =0.32*5 -> 1.6 | G73: 538.25 | H73: =G73*(1+(23.67/100)) -> 665.65377 | I73: =H73*F73 -> 1065.046
A74: SEINFRA | B74: C2666 | C74: 8.7 | D74: VERGA RETA DE CONCRETO ARMADO | E74: M3 | F74: =0.8*5*0.1*0.15+1.97*3*0.1*0.15+1.2+1.37*0.1*0.15+2.27*3*0.1*0.15+2.07*0.1*0.15 -> 1.5024 | G74: 1894.94 | H74: =G74*(1+(23.67/100)) -> 2343.4723 | I74: =H74*F74 -> 3520.8328
A75: SEINFRA | B75: C1978 | C75: 8.8 | D75: PORTA EXTERNA DE CEDRO LISA COMPLETA UMA FOLHA (0.90X2.10)m | E75: UN | F75: 3 | G75: 1014.76 | H75: =G75*(1+(23.67/100)) -> 1254.9537 | I75: =H75*F75 -> 3764.8611
A76: SEINFRA | B76: C1977 | C76: 8.9 | D76: PORTA EXTERNA DE CEDRO LISA COMPLETA UMA FOLHA (0.80X 2.10)m | E76: UN | F76: 2 | G76: 964.68 | H76: =G76*(1+(23.67/100)) -> 1193.0198 | I76: =H76*F76 -> 2386.0395
C77: 9.0 | D77: SERVIÇOS DIVERSOS
A78: SEINFRA | B78: C1937 | C78: 9.1 | D78: PLACAS PADRÃO DE OBRA | E78: M2 | F78: 1.2 | G78: 187.01 | H78: =G78*(1+(23.67/100)) -> 231.27527 | I78: =H78*F78 -> 277.53032
A79: SEINFRA | B79: C1620 | C79: 9.2 | D79: LETREIRO - LETRA EM CAIXA DE ZINCO, H= 20CM | E79: UN | F79: 37 | G79: 104.08 | H79: =G79*(1+(23.67/100)) -> 128.71574 | I79: =H79*F79 -> 4762.4822
A80: SEINFRA | B80: C4449 | C80: 9.3 | D80: LAJE PRÉ-FABRICADA P/ FÔRRO - VÃO ATÉ 2 m | E80: M2 | F80: =3.13*0.2 -> 0.626 | G80: 118.43 | H80: =G80*(1+(23.67/100)) -> 146.46238 | I80: =H80*F80 -> 91.685451
A81: SINAPI | B81: 101094 | C81: 9.4 | D81: PISO PODOTÁTIL DE ALERTA OU DIRECIONAL, DE BORRACHA, ASSENTADO SOBRE ARGAMASSA. AF_05/2020 | E81: M | F81: =2.4+0.6+3+0.6+3+0.6+4.5+0.9+1.8+4.5+0.6+1.5+0.6+2.4+2.4+0.9+0.3+0.9+4.2+1.2+0.6+0.6+0.6+0.9+1.8+0.9+0.6+0.6+0.6+0.9 -> 45 | G81: 284.35 | H81: =G81*(1+(23.67/100)) -> 351.65564 | I81: =H81*F81 -> 15824.504
A82: SINAPI | B82: 102253 | C82: 9.5 | D82: DIVISORIA SANITÁRIA, TIPO CABINE, EM GRANITO CINZA POLIDO, ESP = 3CM, ASSENTADO COM ARGAMASSA COLANTE AC III-E, EXCLUSIVE FERRAGENS. AF_01/2021 | E82: M2 | F82: =1.8*1.2*3+0.4*1.8*3 -> 8.64 | G82: 950.53 | H82: =G82*(1+(23.67/100)) -> 1175.5205 | I82: =H82*F82 -> 10156.497
A83: SINAPI | B83: 94342 | C83: 9.6 | D83: ATERRO MANUAL DE VALAS COM AREIA PARA ATERRO. AF_08/2023 | E83: M3 | F83: =72.4*0.3 -> 21.72 | G83: 96.62 | H83: =G83*(1+(23.67/100)) -> 119.48995 | I83: =H83*F83 -> 2595.3218
A84: SINAPI | B84: 87399 | C84: 9.7 | D84: ARGAMASSA PRONTA PARA CONTRAPISO, PREPARO MANUAL. AF_07/2026 | E84: M3 | F84: 7.24 | G84: 2172.45 | H84: =G84*(1+(23.67/100)) -> 2686.6689 | I84: =H84*F84 -> 19451.483
A85: SEINFRA | B85: C2102 | C85: 9.8 | D85: RASPAGEM E LIMPEZA DO TERRENO | E85: M2 | F85: 54.14 | G85: 5.07 | H85: =G85*(1+(23.67/100)) -> 6.270069 | I85: =H85*F85 -> 339.46154
A86: SEINFRA | B86: C1628 | C86: 9.9 | D86: LIMPEZA GERAL | E86: M2 | F86: 150 | G86: 14.18 | H86: =G86*(1+(23.67/100)) -> 17.536406 | I86: =H86*F86 -> 2630.4609 | K86: =SUM(I78:I86) -> 56129.426
H87: BDI | I87: 0.2367
G88: TOTAL GERAL | I88: =SUM(I8:I86) -> 290240.26 | K88: =SUM(K8:K86) -> 290240.26
D89: BANCOS: SINAPI 07/26 E SEINFRA 028
D90: DATA: 14/09/2026
M92: medidas conforme CAD e conferência in loco
L93: DEMOLIÇÃO | M93: =(2.7+1.04)*2.92+2.92*(2.7+1.04)+1.2*3.02+15.35*2.42 -> 62.6126 | N93: =M93*0.15 -> 9.39189
L94: CONTRAPISO | M94: =2.83*(9.32+0.3+1.5+0.15) -> 31.8941
L95: rodapé | M95: =7.99*2+9.32+3.63+3.43*4+0.2*5+3.83 -> 47.48
L96: alvenaria | M96: =2.59*2.83*2+1.45*2.83+3.32*2.82+3.32*7.99+3.32*3.88 -> 67.5337 | N96: =M96+M97+M98 -> 142.7311
L97: platibanda | M97: =0.91*0.15*4+3.62+1.57+2.5 -> 8.236
L98: area externa | M98: =9.32*2.42+2.42*18.35 -> 66.9614
L99: pintura | M99: =(18.88+0.62*4+7.99*8+3.4*4+3.88*2)*3.9 -> 415.896
L100: concreto | M100: =4*0.2*0.2*4+(9.32+1.5+0.45)*0.2*0.2+2.8*2*0.2*0.3+0.4*0.4*0.4*4+4*0.2*0.2*3.4 -> 2.2268
L101: armação | M101: =0.39*4*4*4+0.39*(9.32+1.5+0.45)*4+0.39*2.8*4*2+4*4*0.39*3.4 -> 72.4932

Sheet memória de cálculo
A1: limpeza | B1: =9.69+4.33+8.69+31.43+8.76+9.5 -> 72.4 | C1: =B1-8.76-9.5 -> 54.14
A2: aterro | B2: =B1*0.3 -> 21.72
A3: contrapiso | B3: =B1*0.1 -> 7.24
A4: piso cerâmico | B4: =B1 -> 72.4 | C4: =B4+D4 -> 219.4106 | D4: =2.47*(8.69*2)+2.85*(8.76*2)+2.85*(9.5*2) -> 147.0106
A5: rodapé | B5: =2.92*10+3.92*3+7.99*6+2.5*2+3.88*2 -> 101.66
A6: emboço | B6: =7.99*6*3+3.92*4*3+2.92*6*3+3*4*3+2.92*4+9.5*2*3+15*3 -> 393.1
A7: pintura paredes | B7: =(14.5+6.09+9.5+31.96+31.44+13.92+9.69+31.43+4.33+8.76+8.69)*3*2+63*3+15*2*2 -> 1270.86 | C7: =(9.69*2*3+4.33*2*3+8.69*2*3+31.43*2*3+8.76*2*3+9.5*2*3) -> 434.4 | D7: =B7-C7 -> 836.46
A8: pintura portas | B8: =5*1.89+5*1.68 -> 17.85 | C8: =B8*2 -> 35.7
B9: atualizado somente o valor
A10: forro | B10: =31.43+4.33+8.69+8.76+9.5 -> 62.71 | C10: =B10*0.2 -> 12.542 | D10: =B10+C10 -> 75.252
A11: telhamento fibrocimento | B11: =22.88*(0.5+0.4+2.98+8.29) -> 278.4496
A12: trama | B12: =31.43+9.69+4.33+8.69+8.76+9.5 -> 72.4 | C12: =B12*0.2 -> 14.48 | D12: =C12+B12 -> 86.88
A13: eletroduto | B13: =1.5+1.5+1.45+1.45+0.75+1.5+1.5+1.97+1.5+2.5+2.5+1.61+1.61+12 -> 33.34 | C13: =B13*0.2 -> 6.668 | D13: =B13+C13 -> 40.008
A14: TUBO 40 MM | B14: =9*1.1+15*4 -> 69.9
A15: TUBO MARROM | B15: =(7.99+2.83+2.92+2.92)*1.1+15*1.1*2 -> 51.326
A16: COLOCAR DEMOLIÇÃO DE PORTAS E JANELAS
A17: COLOCAR RETIRADA DE TUBOS
A18: viga terreo e sup | B18: =2.92*5+0.15*8+3*3+1.5*2+7.99+0.15*2+3.92*2+3.34+2.92+0.15+3.92+0.15+2.83+0.15 -> 57.39 | C18: =B18*0.2*0.2 -> 2.2956 | D18: =C18*2 -> 4.5912 | I18: comprimento do ferro sapata
A19: pilares | B19: 8 | C19: =0.15*0.15*4.9 -> 0.11025 | D19: =C19*B19 -> 0.882 | I19: =0.3-0.1 -> 0.2 | J19: =I19/3 -> 0.066666667
A20: ferro pilar | B20: =4*8 -> 32 | C20: =4.9*0.395 -> 1.9355 | D20: =C20*B20 -> 61.936
A21: ferro vigas | B21: =B18 -> 57.39 | C21: =0.395 -> 0.395 | D21: =B21*2*C21 -> 45.3381
A22: sapata concreto | B22: =0.3*0.3*0.3*8 -> 0.216
A23: sapata ferro | B23: =0.2*6*8 -> 9.6 | C23: =B23*0.395 -> 3.792
B24: total ferro 8mm | D24: =D20+D21+C23 -> 111.0661
B25: concreto | D25: =D18+D19+B22 -> 5.6892
A26: alvenaria de embasamento | D26: =0.2*0.2 -> 0.04 | E26: =2.92*5+0.15*8+3*3+1.5*2+7.99+0.15*2+3.92*2+3.34+2.92+0.15+3.92+0.15+2.83+0.15 -> 57.39 | F26: =E26*D26 -> 2.2956
A27: tinta textura | D27: =2.46*1.92+3.13*0.2+(2.1+0.39)*2*0.15+3.16*(7.99+0.15+0.15) -> 32.2926
A28: alvenaria | C28: =2.92*5+0.15*8+3*3+1.5*2+7.99+0.15*2+3.92*2+3.34+2.92+0.15+3.92+0.15+2.83+0.15 -> 57.39 | D28: =(3+4.4)/2 -> 3.7 | E28: =C28*D28 -> 212.343 | F28: =E28+(2.52+1.24)*(7.99+0.3) -> 243.5134

Sheet CRONOGRAMA
A1: REFORMA BERÇÁRIO CRECHE APOLÔNIA | Q1: ='REFORMA BERÇÁRIO'!K8 -> 13735.975
B2: CRONOGRAMA FÍSICO E FINANCEIRO | Q2: ='REFORMA BERÇÁRIO'!K14 -> 60382.717 | R2: =Q2/2 -> 30191.358
A3: Item | B3: Descrição | C3: Total Por Etapa | D3: 15 DIAS | E3: 30 DIAS | F3: 45 DIAS | I3: 60 DIAS | Q3: ='REFORMA BERÇÁRIO'!K22 -> 31347.439 | R3: =Q3/2 -> 15673.72
A4: 1 | B4: ='REFORMA BERÇÁRIO'!D7 -> DEMOLIÇÃO | C4: 100,00% 13735,98 | D4: =C4 -> 100,00% 13735,98 | Q4: ='REFORMA BERÇÁRIO'!K29 -> 27182.945
A5: 2 | B5: ='REFORMA BERÇÁRIO'!D13 -> REVESTIMENTO/PAVIMENTAÇÃO | C5: 100,00% 60060,46 | E5: 50,00% 30030,2 | F5: 50,00% 30030,2 | Q5: ='REFORMA BERÇÁRIO'!K31 -> 33531.249 | R5: =Q5/2 -> 16765.624
A6: 3 | B6: ='REFORMA BERÇÁRIO'!D20 -> SUPRAESTRUTURA/INFRAESTRUTURA | C6: 100,00% 31309,67 | E6: 50,00% 15654,8 | F6: =E6 -> 50,00% 15654,8 | Q6: ='REFORMA BERÇÁRIO'!K37 -> 4856.3988
A7: 4 | B7: ='REFORMA BERÇÁRIO'!D25 -> PINTURA INTERNA/EXTERNA | C7: 100,00% 27083,10 | I7: =C7 -> 100,00% 27083,10 | Q7: ='REFORMA BERÇÁRIO'!K48 -> 33991.351 | R7: =0.3*Q7 -> 10197.405 | S7: =0.2*Q7 -> 6798.2702
A8: 5 | B8: ='REFORMA BERÇÁRIO'!D30 -> COBERTURA | C8: 100,00% 33334,70 | F8: 50,00% 16667,4 | I8: =F8 -> 50,00% 16667,4 | Q8: ='REFORMA BERÇÁRIO'!K70 -> 29082.761 | R8: =0.3*Q8 -> 8724.8282 | S8: =0.2*Q8 -> 5816.5521
A9: 6 | B9: ='REFORMA BERÇÁRIO'!D36 -> INSTALAÇÕES ELÉTRICAS | C9: 100,00% 4856,40 | F9: =C9 -> 100,00% 4856,40 | Q9: ='REFORMA BERÇÁRIO'!K86 -> 56129.426 | R9: =0.3*Q9 -> 16838.828 | S9: =0.2*Q9 -> 11225.885
A10: 7 | B10: ='REFORMA BERÇÁRIO'!D44 -> INSTALAÇÕES HIDROSSANITÁRIAS | C10: 100,00% 33991,75 | D10: 20,00% 6798,35 | E10: 30,00% 10197,5 | F10: =E10 -> 30,00% 10197,5 | I10: =D10 -> 20,00% 6798,35 | Q10: =SUM(Q1:Q9) -> 290240.26
A11: 8 | B11: ='REFORMA BERÇÁRIO'!D67 -> ESQUADRIAS | C11: 100,00% 29086,32 | D11: 20,00% 5817,26 | E11: 30,00% 8725,9 | F11: =E11 -> 30,00% 8725,9 | I11: =D11 -> 20,00% 5817,26
A12: 9 | B12: ='REFORMA BERÇÁRIO'!D77 -> SERVIÇOS DIVERSOS | C12: 100,00% 56129,43 | D12: 20,00% 11225,9 | E12: 30,00% 16838,8 | F12: =E12 -> 30,00% 16838,8 | I12: =D12 -> 20,00% 11225,9
A13: Custo Acumulado | C13: =SUM(D13:K13) -> 290240.26 | D13: =SUM(Q1,S7,S8,S9) -> 37576.683 | E13: =SUM(R2:R3,R7,R8,R9) -> 81626.139 | F13: =SUM(R2:R3,R5,R7,R8,R9)+Q6 -> 103248.16 | I13: =SUM(Q4,R5,S7,S8,S9) -> 67789.276

Sheet BDI
A1: BDI
A3: ITEM | B3: PERCENTUAL (%)
A4: ADMINISTRAÇÃO CENTRAL | B4: 0.03
A5: CUSTO FINANCEIRO | B5: 0.0123
A6: SEGURO | B6: 0.006
A7: GARANTIAS | B7: 0.002
A8: MARGEM DE INCERTEZA | B8: 0.0127
A9: TRIBUTOS MUNICIPAIS (ISS) | B9: 0.03
A10: TRIBUTOS ESTADUAIS | B10: 0
A11: TRIBUTOS FEDERAIS (PIS E CONFINS) | B11: 0.0365
A12: MARGEM DE CONTRIBUIÇÃO | B12: 0.074
A14: VALOR DO BDI: | B14: 0.2367

Sheet ENCARGOS
